 Dungeon Crawl Stone Soup version 0.29.1-2-gbd0b4ee654 (webtiles) character file.

Game seed: 13079541025157844157

616 mortz the Conjurer (level 7, -8/40 HPs)
             Began as a Deep Elf Conjurer on Nov 14, 2022.
             Was an Initiate of Vehumet.
             Killed from afar by an acid dragon (29 damage)
             ... with a splash of acid
             ... on level 6 of the Dungeon.
             The game lasted 00:19:54 (4696 turns).

mortz the Conjurer (Deep Elf Conjurer)              Turns: 4696, Time: 00:19:55

Health: -8/40      AC:  3    Str:  4    XL:     7   Next: 21%
Magic:  13/13      EV: 12    Int: 25    God:    Vehumet [......]
Gold:   268        SH:  3    Dex: 13    Spells: 5/12 levels left

rFire   . . .      SeeInvis .   n - +2 dagger (venom)
rCold   . . .      Faith    .   u - +0 buckler
rNeg    + . .      Spirit   .   a - +0 robe
rPois   .          Reflect  .   (no helmet)
rElec   .          Harm     .   r - +0 cloak
rCorr   .          Rampage  .   (no gloves)
Will    .....                   (no boots)
Stlth   ++........              (no amulet)
HPRegen 0.13/turn               t - ring of positive energy
MPRegen 0.13/turn               (no ring)

@: no status effects
A: no striking features
a: Renounce Religion


You were on level 6 of the Dungeon.
You worshipped Vehumet.
Vehumet was noncommittal.
You visited 2 branches of the dungeon, and saw 8 of its levels.

You collected 268 gold pieces.

Inventory:

Hand Weapons
 g - a +0 dagger
 h - a +0 trident
 j - a +0 scimitar
 n - a +2 dagger of venom (weapon)
 A - a +0 hand axe
Missiles
 c - 4 poisoned darts
 f - 5 boomerangs
Armour
 a - a +0 robe (worn)
 r - a +0 cloak (worn)
 u - a +0 buckler (worn)
 C - a +1 ring mail of willpower
Jewellery
 t - a ring of positive energy (left hand)
Wands
 p - a wand of charming (2)
 q - a wand of flame (14)
Scrolls
 s - a scroll of blinking
 v - a scroll of teleportation
 w - a scroll of silence
 y - a scroll of butterflies
Potions
 b - a potion of magic
 d - a potion of invisibility
 e - a potion of brilliance
 i - a potion of attraction {unknown}
 k - a potion of haste {unknown}
 l - a potion of resistance {unknown}
 m - a potion of mutation {unknown}
 o - a potion of cancellation {unknown}
 B - a potion of curing {unknown}


   Skills:
 + Level 2.2 Fighting
 - Level 2.4 Dodging
 - Level 2.4 Stealth
 - Level 3.0 Spellcasting
 * Level 7.3 Conjurations
 * Level 5.0 Translocations


You had 5 spell levels left.
You knew the following spells:

 Your Spells              Type           Power      Damage    Failure   Level
a - Magic Dart            Conj           100%       1d8       1%          1
b - Searing Ray           Conj           80%        2d7       1%          2
c - Iskenderun's Mystic   Conj/Tloc      34%        2d8       11%         4

Your spell library contained the following spells:

 Spells                   Type           Power      Damage    Failure   Level
 Foxfire                  Conj/Fire      88%        2x1d8     3%          1
 Conjure Flame            Conj/Fire      22%        6-21      9%          3
 Dazzling Flash           Conj/Hex       44%        N/A       9%          3
 Flame Wave               Conj/Fire      22%        2d8       30%         4
 Fulminant Prism          Conj/Hex       11%        3d9       30%         4
 Inner Flame              Hex/Fire       3%         N/A       38%         3


Dungeon Overview and Level Annotations

Branches:
Dungeon (7/15) Zot: 26845  Temple (1/1) D:7 Zot: 5829

Altars:
Ashenzari
Cheibriados
Fedhas
Gozag
Kikubaaqudgha
Makhleb
Okawaru
Qazlal
Sif Muna
Vehumet
Wu Jian
Xom
Yredelemnul
Zin
The Shining One

Annotations:
D:3 3 runed translucent doors, qeuew's ghost, amateur MfGl


Message History

A mysterious force pulls you upwards. The hatch slams shut behind you.
Casting: Magic Dart (safe; 1% risk of failure)
Confirm with . or Enter, or press ? or * to list all spells.
Aiming: Searing Ray (safe; 1% risk of failure)
Press: ? - help, Shift-Dir - straight line, f - ice beast
Aim: an ice beast (81% to hit)
The searing ray hits the ice beast.
The ice beast is lightly wounded. (Press . to maintain the ray.)
The searing ray hits the ice beast.
The ice beast is moderately wounded.
The searing ray hits the ice beast.
The ice beast is heavily wounded.
The ice beast hits you. The ice beast freezes you.
The searing ray hits the ice beast!
The ice beast is severely wounded.
You finish channelling your searing ray.
The ice beast hits you. The ice beast freezes you!
Casting: Searing Ray (safe; 1% risk of failure)
Confirm with . or Enter, or press ? or * to list all spells.
Aiming: Searing Ray (safe; 1% risk of failure)
Press: ? - help, Shift-Dir - straight line, f/p - ice beast
Aim: an ice beast (severely wounded, 81% to hit)
The searing ray hits the ice beast!
You kill the ice beast!
Vehumet accepts your kill. (Press . to maintain the ray.)
Your Translocations skill increases to level 5!
Magic restored.
HP restored.
An acid dragon comes into view.
The acid dragon roars!
The acid dragon spits acid at you. The splash of acid hits you!!
Ouch! That really hurt!
You are too injured to fight recklessly!
The acid dragon spits acid at you. The splash of acid hits you!!
Ouch! That really hurt!
You die...

###
##.#.####.####
.............#
.#.#####.###.#
#.# #.# #.#
#.#
.#####.###@#
...........#
..##...#####
....D...
..##.### . #.
#


You could see an acid dragon (catching breath).

Vanquished Creatures
  An ice beast (D:6)
  An ogre (D:5)
  3 phantoms (D:4)
  A scorpion (D:5)
  A hound (D:4)
  3 gnolls (D:5)
  3 adders
  A worm (D:4)
  4 dart slugs (D:1)
  An orc (D:5)
  3 bats
  6 endoplasms
  4 giant cockroaches
  6 goblins
  7 hobgoblins
  3 jackals (D:1)
  4 kobolds
  2 quokkas
  7 ball pythons
  3 frilled lizards
  2 rats
66 creatures vanquished.

Vanquished Creatures (others)
  8 fungi (D:3)
  8 plants (D:3)
16 creatures vanquished.

Grand Total: 82 creatures vanquished

Notes
Turn   | Place    | Note
-------+----------+-------------------------------------------
     0 | D:1      | mortz the Deep Elf Conjurer began the quest for the Orb.
     0 | D:1      | Reached XP level 1. HP: 10/10 MP: 6/6
   194 | D:1      | Reached XP level 2. HP: 15/15 MP: 4/8
   244 | D:1      | Reached skill level 5 in Conjurations
   398 | D:1      | Learned a level 2 spell: Searing Ray
   560 | D:1      | Reached skill level 1 in Translocations
   633 | D:1      | Reached XP level 3. HP: 19/19 MP: 7/9
  2252 | D:3      | Found an ancient bone altar of Kikubaaqudgha.
  2257 | D:3      | Reached XP level 4. HP: 24/24 MP: 5/10
  2327 | D:3      | Found a runed translucent gate.
  2327 | D:3      | Found a runed translucent gate.
  2327 | D:3      | Found a runed translucent gate.
  2329 | D:3      | Noticed qeuew's ghost (amateur MfGl)
  2333 | D:3      | Noticed a kobold brigand
  2632 | D:3      | Found a faded altar of an unknown god.
  3194 | D:4      | Noticed a phantom
  3201 | D:4      | Learned a level 4 spell: Iskenderun's Mystic Blast
  3436 | D:4      | Noticed a phantom
  3448 | D:4      | Killed a phantom
  3449 | D:4      | Reached skill level 1 in Fighting
  3449 | D:4      | Reached skill level 6 in Conjurations
  3449 | D:4      | Reached XP level 5. HP: 27/29 MP: 3/11
  3578 | D:4      | Killed a phantom
  3579 | D:4      | Reached XP level 6. HP: 34/34 MP: 3/12
  3894 | D:5      | Entered Level 5 of the Dungeon
  3894 | D:5      | Noticed a water moccasin
  4176 | D:5      | Reached skill level 7 in Conjurations
  4178 | D:5      | Reached XP level 7. HP: 19/40 MP: 3/13
  4353 | D:5      | You fall into a shaft and drop 2 floors!
  4358 | D:7      | Found a staircase to the Ecumenical Temple.
  4365 | Temple   | Entered the Ecumenical Temple
  4505 | Temple   | Became a worshipper of Vehumet
  4548 | D:6      | Reached skill level 5 in Translocations
  4696 | D:6      | Killed from afar by an acid dragon

Illustrated notes

Levels and vault maps discovered:
D:1:      nzn_arrival_depleted_hourglass, layout_basic
D:2:      layout_basic, serial_rivers, chequers_serial_rivers_marsh,
          chequers_serial_rivers_large_b, chequers_serial_rivers_room_a,
          chequers_serial_rivers_micro_d
D:3:      layout_rooms, kiku_gazebo_pond_becter, gammafunk_ghost_nasty_kobolds,
          shapermc_ecumenical_altar_hornbeckon
D:4:      layout_basic, minmay_distorted
D:5:      layout_cave_pods, portal_sewer_entry_e, uniq_edmund
D:6:      layout_loops_ring, old_standard_altar, gammafunk_ghost_grave,
          uniq_maggie
D:7:      layout_basic, mainiacjoe_overflow_alcove_1, minmay_temple_entry_wispy
Temple:   nicolae_temple_ecumenical_triangle

Skill      XL: |  1  2  3  4  5  6  7 |
---------------+----------------------+-----
Conjurations   | 5 6 7 |  7.3
Translocations | 1 2 3 4 5 |  5.0
Fighting       | 1 2 |  2.2
Dodging        | |  2.4
Stealth        | |  2.4
Spellcasting   | |  3.0

Action                   |  1- 3 |  4- 6 |  7- 9 || total
-------------------------+-------+-------+-------++-------
Melee: Dagger            |       |     6 |       ||     6
 Cast: Magic Dart        |    73 |    43 |       ||   116
       Searing Ray       |       |     9 |     2 ||    11
  Use: Scroll            |     7 |     2 |     3 ||    12
Armor: Robe              |     1 |     2 |     1 ||     4
Dodge: Dodged            |     2 |    10 |       ||    12
Block: Buckler           |     2 |     1 |       ||     3
